 Dungeon Crawl Stone Soup version 0.23.2-1-ga50397a (webtiles) character file.

Game seed: 798551128915167887

15423 Goblin1989 the Geomancer (level 12, 0/86 HPs)
             Began as a Demonspawn Earth Elementalist on Apr 14, 2019.
             Was an Elder of Vehumet.
             Slain by a komodo dragon (23 damage)
             ... on level 3 of the Lair of Beasts on Apr 18, 2019.
             The game lasted 01:05:20 (15359 turns).

Goblin1989 the Geomancer (DsEE)                    Turns: 15359, Time: 01:05:22

Health: 0/86       AC:  7    Str:  8    XL:     12   Next: 1%
Magic:  39/39      EV: 13    Int: 26    God:    Vehumet [****..]
Gold:   912        SH:  5    Dex: 15    Spells: 10/28 levels left

rFire    . . .     SeeInvis .   Y - staff of power {!a}
rCold    . . .     Gourm    .   A - +0 buckler
rNeg     + . .     Faith    .   a - +1 leather armour of the Cuttlefish {rElec rCorr}
rPois    .         Spirit   .   v - +0 hat
rElec    +         Reflect  .   F - +0 cloak
rCorr    +         Harm     .   l - +1 pair of gloves
MR       .....                  (no boots)
Stlth    ++........             (no amulet)
HPRegen  0.24/turn              y - +5 ring of intelligence
MPRegen  0.26/turn              I - ring of positive energy

@: about to teleport
A: antennae 2, claws 1, hooves 1, powered by pain 3
a: Renounce Religion


You were on level 3 of the Lair of Beasts.
You worshipped Vehumet.
Vehumet was greatly pleased with you.
You were very hungry.

You visited 3 branches of the dungeon, and saw 15 of its levels.

You collected 912 gold pieces.

Inventory:

Hand Weapons
 n - the +6 flail of Youthful Indiscretion {flame, Dex+4 Stlth+}
   (You found it on level 1 of the Lair of Beasts)

   It has been specially enchanted to burn those struck by it, causing extra
   injury to most foes and up to half again as much damage against particularly
   susceptible opponents.
   It affects your dexterity (+4).
   It makes you more stealthy.
 r - a +0 short sword of freezing
 s - a +0 dagger of venom
 w - a +0 blowgun {@w1}
 x - a +0 hunting sling
 M - a +0 whip of electrocution
 N - a +1 scimitar of flaming
Missiles
 b - 190 stones (quivered) {@Q3}
 O - 7 curare-tipped needles
 U - 19 poisoned needles
Armour
 a - the +1 leather armour of the Cuttlefish (worn) {rElec rCorr}
   (You found it on level 1 of the Lair of Beasts)

   It insulates you from electricity.
   It provides partial protection from all sources of acid and corrosion.
 l - a +1 pair of gloves (worn)
 v - a +0 hat (worn)
 A - a +0 buckler (worn)
 F - a +0 cloak (worn)
 H - a +2 plate armour of fire resistance
Magical Staves
 Y - an uncursed staff of power (weapon) {!a}
Jewellery
 y - a +5 ring of intelligence (left hand)
 I - a ring of positive energy (right hand)
Wands
 G - a wand of flame (26) {@v6}
 K - a wand of digging (8) {@v1}
 R - a wand of paralysis (10) {@v7}
 V - a wand of acid (8) {@v2}
Scrolls
 f - 4 scrolls of random uselessness {unknown}
 h - a scroll of enchant weapon {unknown}
 k - 4 scrolls of fear {unknown}
 q - 2 scrolls of fog {unknown}
 z - 3 scrolls of enchant armour {unknown}
 D - 3 scrolls of blinking {unknown}
 L - 6 scrolls of remove curse {unknown}
 P - 2 scrolls of amnesia {unknown}
 S - 2 scrolls of noise {unknown}
 T - 5 scrolls of teleportation {!r, @r2}
 X - a scroll of magic mapping {unknown}
Potions
 g - 2 potions of magic
 i - a potion of cancellation
 j - 5 potions of flight
 o - 7 potions of lignification
 p - 3 potions of haste
 u - 5 potions of curing {@q1}
 B - 2 potions of invisibility
 C - 2 potions of berserk rage
 E - 3 potions of brilliance
 J - 2 potions of might
 Z - 4 potions of heal wounds
Miscellaneous
 Q - a lamp of fire
 W - a phantom mirror
Comestibles
 e - 16 rations


   Skills:
 - Level 5.0 Fighting
 + Level 3.9 Dodging
 - Level 1.7 Stealth
 - Level 4.0 Shields
 + Level 8.5 Spellcasting
 * Level 9.6 Conjurations
 - Level 0.8 Transmutations
 * Level 11.5 Earth Magic


You had 10 spell levels left.
You knew the following spells:

 Your Spells              Type           Power        Failure   Level  Hunger
a - Sandblast             Erth           ######       1%          1    None
b - Stone Arrow           Conj/Erth      ######       1%          3    None
c - Petrify               Tmut/Erth      #####...     6%          4    ##.....
d - Bolt of Magma         Conj/Fire/Erth #####.....   3%          5    ####...
l - Lee's Rapid Deconstr  Erth           ######....   1%          5    ####...

Your spell library contained the following spells:

 Spells                   Type           Power        Failure   Level  Hunger
 Passwall                 Tmut/Erth      #####...     1%          2    None
 Yara's Violent Unravell  Hex/Tmut       ##........   41%         5    ####...
 Cause Fear               Hex            ##........   61%         4    ##.....
 Silence                  Hex/Air        ##........   91%         5    ####...
 Deflect Missiles         Chrm/Air       ##........   100%        6    ######.
 Discord                  Hex            ##........   100%        8    #######


Dungeon Overview and Level Annotations

Branches:
Dungeon (10/15)            Temple (1/1) D:4            Lair (4/6) D:10
    Orc (0/2) D:9
  Swamp: Lair:2-4    Shoals: Lair:2-4     Snake: Lair:2-4    Spider: Lair:2-4

Altars:
Ashenzari
Cheibriados
Dithmenos
Gozag
Hepliaklqana
Kikubaaqudgha
Makhleb
Nemelex Xobeh
Okawaru
Qazlal
Ru
Sif Muna
Trog
Uskayaw
Vehumet
Wu Jian
Xom
Yredelemnul
Zin
The Shining One
Beogh

Shops:
D:7 }

Annotations:
D:3 2 transporters
D:4 4 runed translucent doors, Crazy Yiuf; bmj180's ghost, amateur MiFi
D:8 Maurice
D:9 exclusions: bullfrog, queen bee and 7 more exclusions
D:10 3 runed translucent doors, exclusion: upstairs, Jaiteiro's ghost, journeyman CeHu
Lair:1 2 transporters, exclusion: hydra, Flogoulo's ghost, journeyman FoFi; Joseph
Lair:2 exclusion: hydra


Innate Abilities, Weirdness & Mutations

You have a pair of antennae on your head.
You have sharp fingernails.
You have large cloven feet.
You are powered by pain.


Message History

Aiming: Stone Arrow (safe; 1% risk of failure)
Press: ? - help, Shift-Dir - straight line, f - bullfrog
Aim: a bullfrog The stone arrow hits the bullfrog!
The bullfrog is severely wounded.
You block the bullfrog's attack. The bullfrog barely misses you.
You now have 36/39 mp.
Casting: Stone Arrow (safe; 1% risk of failure)
Confirm with . or Enter, or press ? or * to list all spells.
Aiming: Stone Arrow (safe; 1% risk of failure)
Press: ? - help, Shift-Dir - straight line, f/p - bullfrog
Aim: a bullfrog (severely wounded)
The stone arrow hits the bullfrog!
You kill the bullfrog!
Vehumet accepts your kill.
You feel sick.
You now have 33/39 mp.
Unknown command.
b - 190 stones {@Q3} (gained 29)
You see here a lightning rod (4/4). 3 yaks come into view.
You feel sick.
You see here a bullfrog corpse.
You take 1 damage, and have 47/86 hp.
You see here a lightning rod (4/4).
You feel sick.
You take 1 damage, and have 47/86 hp.
You feel sick.
You take 1 damage, and have 47/86 hp.
You feel sick.
You take 1 damage, and have 47/86 hp.
You start resting.
You feel sick.
You are no longer poisoned.
You start resting.
Magic restored.
You feel a little less agile now.
You regained 6 hp, and now have 53/86 hp.
MP restored: 39 You start resting.
You are feeling very hungry.
You regained 4 hp, and now have 57/86 hp.
You start resting.
You regained 15 hp, and now have 72/86 hp.
You start resting.
A killer bee comes into view.
You regained 8 hp, and now have 80/86 hp.
Casting: Stone Arrow (safe; 1% risk of failure)
Confirm with . or Enter, or press ? or * to list all spells.
You can't see any susceptible monsters within range! (Use Z to cast anyway.) Unknown command.
Casting: Stone Arrow (safe; 1% risk of failure)
Confirm with . or Enter, or press ? or * to list all spells.
Aiming: Stone Arrow (safe; 1% risk of failure)
Press: ? - help, Shift-Dir - straight line, f - killer bee
Aim: a killer bee (hasn't noticed you)
The stone arrow misses the killer bee.
You now have 36/39 mp.
Casting: Stone Arrow (safe; 1% risk of failure)
Confirm with . or Enter, or press ? or * to list all spells.
You don't know that spell.
Unknown command.
Casting: Stone Arrow (safe; 1% risk of failure)
Confirm with . or Enter, or press ? or * to list all spells.
Aiming: Stone Arrow (safe; 1% risk of failure)
Press: ? - help, Shift-Dir - straight line, f/p - killer bee
Aim: a killer bee The stone arrow hits the killer bee!!
You kill the killer bee!
Vehumet accepts your kill.
You feel your power returning.
You now have 34/39 mp.
You now have 912 gold pieces (gained 7).
A seven-headed hydra comes into view.
The yak bellows!
You hear a roar!
MP restored: 39 Health restored: 86 A wolf comes into view.
A komodo dragon comes into view.
The wolf howls!
The komodo dragon hisses angrily.
A water moccasin comes into view.
The wolf bites you.
You take 2 damage, and have 84/86 hp.
The wolf barely misses you. The wolf bites you.
You take 4 damage, and have 81/86 hp.
You see here a potion of brilliance.
Really read
T - 6 scrolls of teleportation {!r, @r2}?
As you read the scroll of teleportation {!r, @r2}, it crumbles to dust.
You feel strangely unstable. The wolf misses you. The komodo dragon bites you!!
The wolf closely misses you.
You take 31 damage, and have 50/86 hp.
MASSIVE DAMAGE!!
Unknown command.
E - 3 potions of brilliance (gained 1)
The wolf bites you but does no damage. The komodo dragon bites you!!
* * * LOW HITPOINT WARNING * * *
You take 27 damage, and have 23/86 hp.
MASSIVE DAMAGE!!
Unknown command.
The komodo dragon bites you!!
You die...

█...█.█........P
██...............
█................
██...P.P..
█.Y.PPP...
██....PP█..
██Dh........
█..l........
█!@.........
█............
█............
██P..........
█.......P██
.......███
██.....█ █......


You could see a seven-headed hydra, a komodo dragon, a yak and a wolf.

Vanquished Creatures
  2 hydras (Lair:2)
  A centaur warrior (D:10)
  2 two-headed ogres (D:10)
  Erica (D:8)
  3 spiny frogs (Lair:2)
  2 komodo dragons
  2 trolls (D:10)
  Prince Ribbit (D:8)
  4 blink frogs
  3 hippogriffs
  10 yaks
  A wyvern (D:8)
  2 hungry ghosts (D:10)
  A swamp worm (Lair:2)
  2 water moccasins
  6 porcupines
  An orc warrior (D:10)
  2 ice beasts (D:8)
  6 ogres
  3 phantoms
  2 necrophages
  6 crocodiles
  2 centaurs (D:10)
  3 wolves (Lair:2)
  Blork the orc (D:4)
  2 big kobolds
  6 bullfrogs
  A wyvern zombie (D:6)
  A scorpion (D:7)
  15 killer bees
  9 wights
  An electric eel (Lair:3)
  A howler monkey (D:5)
  6 crimson imps
  A centaur zombie (D:9)
  4 quasits
  4 bullfrog zombies
  9 orc wizards
  4 hounds
  2 jellies
  4 orc priests
  2 bullfrog skeletons
  A gnoll shaman (D:5)
  3 iguanas
  Ijyb (D:4)
  Natasha (D:3)
  8 worker ants
  2 killer bee zombies
  A hound skeleton (D:10)
  A mummy (D:9)
  A worker ant zombie (D:6)
  4 gnolls (D:5)
  3 adders
  A howler monkey skeleton (D:7)
  2 shadow imps
  An adder skeleton (D:5)
  A worm (D:2)
  A dart slug (D:3)
  3 leopard geckos
  25 orcs
  A giant cockroach (D:3)
  7 hobgoblins
  6 jackals
  17 kobolds
  7 quokkas
  4 ball pythons
  3 bats
  9 frilled lizards
  10 goblins
  5 rats
  2 plants
272 creatures vanquished.

Vanquished Creatures (others)
  5 dream sheep (D:3)
  A fungus (Lair:1)
  7 plants
13 creatures vanquished.

Grand Total: 285 creatures vanquished

Notes
Turn   | Place    | Note
-------+----------+-------------------------------------------
     0 | D:1      | Goblin1989 the Demonspawn Earth Elementalist began the
                  | quest for the Orb.
     0 | D:1      | Reached XP level 1. HP: 13/13 MP: 3/3
   159 | D:1      | Reached skill level 3 in Earth Magic
   347 | D:1      | Gained mutation: You have a pair of small antennae on your
                  | head. [demonic ancestry]
   347 | D:1      | Reached XP level 2. HP: 17/19 MP: 0/5
  1113 | D:2      | Gained mutation: You sometimes gain a little power by
                  | taking damage. [demonic ancestry]
  1113 | D:2      | Reached XP level 3. HP: 8/24 MP: 0/6
  1617 | D:2      | Learned a level 3 spell: Stone Arrow
  2717 | D:3      | Reached XP level 4. HP: 28/30 MP: 4/8
  2834 | D:3      | Upgraded the game from 0.23.2 to 0.23.2-1-ga50397a
  2856 | D:3      | Noticed Natasha
  2860 | D:3      | Killed Natasha
  2867 | D:3      | Noticed a dream sheep
  2867 | D:3      | Noticed a dream sheep
  2867 | D:3      | Noticed a dream sheep
  2867 | D:3      | Noticed a dream sheep
  2867 | D:3      | Noticed a dream sheep
  2867 | D:3      | Found a shimmering altar of Xom.
  2871 | D:3      | Killed a dream sheep
  2871 | D:3      | Killed a dream sheep
  2871 | D:3      | Killed a dream sheep
  2871 | D:3      | Killed a dream sheep
  2871 | D:3      | Killed a dream sheep
  2883 | D:3      | Reached skill level 1 in Shields
  2883 | D:3      | Reached skill level 4 in Earth Magic
  2885 | D:3      | Reached XP level 5. HP: 35/35 MP: 1/10
  3074 | D:3      | Found a transporter.
  3094 | D:3      | Found a transporter.
  3311 | D:4      | Noticed Blork the orc
  3331 | D:4      | Killed Blork the orc
  3501 | D:4      | Learned a level 5 spell: Lee's Rapid Deconstruction
  3555 | D:4      | Gained mutation: You sometimes gain power by taking damage.
                  | [demonic ancestry]
  3555 | D:4      | Reached XP level 6. HP: 41/41 MP: 10/12
  3573 | D:4      | Found an ancient bone altar of Kikubaaqudgha.
  3744 | D:4      | Found a runed translucent gate.
  3746 | D:4      | Found a runed translucent gate.
  3764 | D:4      | Noticed an ice beast
  3765 | D:4      | Noticed bmj180's ghost (amateur MiFi)
  3766 | D:4      | Noticed an ice beast
  3796 | D:4      | Found a runed translucent gate.
  3971 | D:4      | Found a runed translucent door.
  3972 | D:4      | Noticed Crazy Yiuf
  4043 | D:4      | Found a staircase to the Ecumenical Temple.
  4044 | D:4      | Noticed Ijyb
  4047 | D:4      | Killed Ijyb
  4047 | D:4      | Reached skill level 5 in Earth Magic
  4059 | Temple   | Entered the Ecumenical Temple
  4116 | Temple   | Became a worshipper of Vehumet
  4612 | D:5      | Entered Level 5 of the Dungeon
  4839 | D:5      | Gained mutation: You are powered by pain. [demonic
                  | ancestry]
  4839 | D:5      | Reached XP level 7. HP: 46/46 MP: 8/13
  4876 | D:5      | Found an iron altar of Okawaru.
  5231 | D:5      | Reached * piety under Vehumet
  5231 | D:5      | Offered knowledge of Freeze by Vehumet.
  5313 | D:5      | Reached skill level 6 in Earth Magic
  5660 | D:5      | Reached skill level 5 in Spellcasting
  6052 | D:6      | Reached XP level 8. HP: 52/52 MP: 9/15
  6412 | D:6      | Reached skill level 7 in Earth Magic
  7337 | D:7      | Reached skill level 1 in Conjurations
  7338 | D:7      | Reached ** piety under Vehumet
  7338 | D:7      | Offered knowledge of Searing Ray by Vehumet.
  7549 | D:7      | Learned a level 4 spell: Petrify
  7588 | D:7      | Reached skill level 1 in Fighting
  7791 | D:7      | Found Caeq's Gadget Shop.
  8251 | D:7      | Gained mutation: You have a pair of antennae on your head.
                  | [demonic ancestry]
  8251 | D:7      | Reached XP level 9. HP: 52/59 MP: 2/18
  8266 | D:7      | Reached skill level 8 in Earth Magic
  8657 | D:8      | Noticed Prince Ribbit
  8664 | D:8      | Killed Prince Ribbit
  8716 | D:8      | Offered knowledge of Throw Flame by Vehumet.
  8944 | D:8      | Noticed Maurice
  9397 | D:8      | Reached *** piety under Vehumet
  9476 | D:8      | Found a hide-covered altar of Uskayaw.
  9484 | D:8      | Reached skill level 5 in Conjurations
  9484 | D:8      | Reached skill level 9 in Earth Magic
  9555 | D:8      | Noticed Erica
  9561 | D:8      | Killed Erica
  9561 | D:8      | Gained mutation: You have sharp fingernails. [demonic
                  | ancestry]
  9561 | D:8      | Reached XP level 10. HP: 71/71 MP: 17/20
  9990 | D:9      | Found a snail-covered altar of Cheibriados.
 10502 | D:10     | Entered Level 10 of the Dungeon
 10674 | D:9      | Found a roughly hewn altar of Beogh.
 10674 | D:9      | Found a staircase to the Orcish Mines.
 10904 | D:10     | Found a runed translucent gate.
 10904 | D:10     | Found a runed translucent gate.
 10904 | D:10     | Found a runed translucent gate.
 10905 | D:10     | Noticed Jaiteiro's ghost (journeyman CeHu)
 10905 | D:10     | Identified the +5 dagger of Context {drain, Dex+6}
 10981 | D:10     | Offered knowledge of Static Discharge by Vehumet.
 11371 | D:10     | Reached **** piety under Vehumet
 11445 | D:10     | Found a staircase to the Lair.
 11475 | D:10     | Noticed a centaur warrior
 11486 | D:10     | Killed a centaur warrior
 11492 | D:10     | Reached skill level 10 in Earth Magic
 11497 | D:10     | Noticed a two-headed ogre
 11533 | D:10     | Killed a two-headed ogre
 11533 | D:10     | Offered knowledge of Bolt of Magma by Vehumet.
 11533 | D:10     | Reached skill level 5 in Fighting
 11793 | D:10     | Learned a level 5 spell: Bolt of Magma
 11830 | D:10     | Noticed a two-headed ogre
 11837 | D:10     | Killed a two-headed ogre
 11837 | D:10     | Gained mutation: You have large cloven feet. [demonic
                  | ancestry]
 11837 | D:10     | Reached XP level 11. HP: 79/79 MP: 22/22
 12529 | Lair:1   | Entered Level 1 of the Lair of Beasts
 13039 | Lair:1   | Got a steaming flail
 13040 | Lair:1   | Identified the +6 flail of Youthful Indiscretion {flame,
                  | Dex+4 Stlth+} (You found it on level 1 of the Lair of
                  | Beasts)
 13649 | Lair:1   | Found a transporter.
 13649 | Lair:1   | Noticed Flogoulo's ghost (journeyman FoFi)
 13653 | Lair:1   | Found a transporter.
 13721 | Lair:1   | Got an ancient leather armour
 13796 | Lair:1   | Reached skill level 11 in Earth Magic
 13904 | Lair:1   | Noticed an eight-headed hydra
 13933 | Lair:1   | Identified the +1 leather armour of the Cuttlefish {rElec
                  | rCorr} (You found it on level 1 of the Lair of Beasts)
 14172 | Lair:1   | Noticed Joseph
 14289 | Lair:2   | Noticed a four-headed hydra
 14299 | Lair:2   | Killed a four-headed hydra
 14629 | Lair:2   | Noticed an eight-headed hydra
 14782 | Lair:2   | You fall through a shaft for 2 floors!
 15061 | Lair:2   | Noticed a six-headed hydra
 15067 | Lair:2   | Killed a six-headed hydra
 15067 | Lair:2   | Reached XP level 12. HP: 86/86 MP: 18/24
 15160 | Lair:2   | You fall through a shaft!
 15334 | Lair:3   | Noticed a seven-headed hydra
 15359 | Lair:3   | Slain by a komodo dragon

Skill      XL: |  1  2  3  4  5  6  7  8  9 10 11 |
---------------+----------------------------------+-----
Earth Magic    | 3 4 5 6 7 9 10 11 | 11.5
Spellcasting   | 3 4 5 6 7 8 |  8.5
Shields        | 1 2 3 4 |  4.0
Conjurations   | 2 5 7 9 |  9.6
Fighting       | 1 3 5 |  5.0
Dodging        | 3 |  3.9
Stealth        | |  1.7
Transmutations | |  0.8

Action                   |  1- 3 |  4- 6 |  7- 9 | 10-12 || total
-------------------------+-------+-------+-------+-------++-------
Melee: Unarmed           |     7 |       |       |       ||     7
       Short sword       |    11 |     1 |       |       ||    12
       Whip              |       |       |     1 |     7 ||     8
       Kick              |       |       |       |     2 ||     2
 Cast: Sandblast         |    94 |    60 |    67 |    60 ||   281
       Stone Arrow       |       |       |   114 |   145 ||   259
       Petrify           |       |       |     2 |     5 ||     7
       Lee's Rapid Decon |       |       |     1 |    17 ||    18
       Bolt of Magma     |       |       |       |     5 ||     5
Evoke: Wand              |       |       |       |     4 ||     4
  Use: Scroll            |       |       |       |    14 ||    14
       Potion            |       |       |       |     1 ||     1
  Eat: Chunk             |     6 |     4 |     9 |     8 ||    27
       Ration            |       |     1 |     2 |     4 ||     7
Armor: Robe              |    15 |     5 |    12 |     4 ||    36
       Leather armour    |       |       |       |     5 ||     5
Dodge: Dodged            |    45 |    13 |    32 |    56 ||   146
Block: Buckler           |     4 |     5 |    13 |    30 ||    52

Levels and vault maps discovered:
D:1:      dpeg_arrival_solitude, layout_basic, minivault_4
D:2:      layout_rooms, first_ration
D:3:      gammafunk_steamed_eel, layout_basic, kb_xom_exploding_sheep,
          uniq_natasha
D:4:      layout_loops_corners, kiku_gazebo_pond_becter,
          minmay_temple_entry_tees, gammafunk_ghost_icy, dk_noncrumbling_3,
          kennysheep_another_room, uniq_blork_the_orc, uniq_crazy_yiuf_cottage,
          uniq_ijyb
D:5:      layout_loops_ring, okawaru_gym_becter, minmay_crystal_water
D:6:      layout_cave_pools
D:7:      layout_basic, serial_shops, nicolae_shop_statue_plus
D:8:      layout_loops_ring, eat_drink_and_be_merry_uskayaw, uniq_erica,
          uniq_maurice, uniq_prince_ribbit1
D:9:      layout_loops_ring, slow_altar_2, fedhas_altar_2,
          overflow_temple_1_default, david_orc_5, basic_altar, david_nohive_1,
          minmay_shop_damaged
D:10:     layout_long_grid, dpeg_oklobed_lair, gammafunk_ghost_nasty_kobolds
Temple:   regret_index_temple_waves
Lair:1:   layout_chaotic_city, gammafunk_ghost_arena, beast_lair_carwin_9,
          uniq_joseph
Lair:2:   layout_regular_city, palyth_hydra_swamp_entry, lemuel_fruit_tree,
          serial_bayou_shore_a
Lair:3:   regret_index_wax_grids, layout_gridlike, spider_nest_entry_web_field,
          serial_bayou_lagoon_a
Lair:4:   layout_cave_shapes, uniq_sonja
